 Dungeon Crawl Stone Soup version 0.30-a0-187-gd9c2deaf24 (webtiles) character file.

Game seed: 5542918706529581842

150 sleeves the Vexing (level 5, 0/41 HPs)
             Began as a Gnoll Hexslinger on Oct 3, 2022.
             Succumbed to a scorpion's poison
             ... on level 4 of the Dungeon.
             The game lasted 00:04:36 (2289 turns).

sleeves the Vexing (Gnoll Hexslinger)               Turns: 2289, Time: 00:04:36

Health: 0/41       AC:  2    Str:  9    XL:     5   Next: 32%
Magic:  9/9        EV: 13    Int: 15    God:
Gold:   182        SH:  0    Dex: 12    Spells: 8/10 levels left

rFire   . . .      SeeInvis .    a - +1 sling
rCold   . . .      Faith    .    (no shield)
rNeg    . . .      Spirit   .    c - +0 robe
rPois   .          Reflect  .    (no helmet)
rElec   .          Harm     .    (no cloak)
rCorr   .          Rampage  .    (no gloves)
Will    .....                    (no boots)
Stlth   +.........               (no amulet)
HPRegen 0.26/turn                (no ring)
MPRegen 0.11/turn                (no ring)

@: confused, brilliant, lethally poisoned (0 -> -19), ambrosia-drunk,
attractive, very slightly contaminated, hasted, invisible, very quick
A: fangs 1, strong nose, distributed training, deterioration 1, MP-powered wands
a: no special abilities


You were on level 4 of the Dungeon.
You visited 1 branch of the dungeon, and saw 4 of its levels.

You collected 182 gold pieces.

Inventory:

Hand Weapons
 a - a +1 sling (weapon)
 b - a +0 spear
   (You took it off a gnoll on level 3 of the Dungeon)
Armour
 c - a +0 robe (worn)
Magical Staves
 s - a staff of cold
   (You found it on level 3 of the Dungeon)
Jewellery
 f - a ring of ice
   (You found it on level 1 of the Dungeon)
Wands
 u - a wand of light (8)
   (You found it on level 3 of the Dungeon)
Scrolls
 d - 4 scrolls of identify {unknown}
 g - a scroll of fog {unknown}
 j - a scroll of blinking {unknown}
 k - a scroll of amnesia {unknown}
 l - 3 scrolls of enchant weapon {unknown}
 n - a scroll of magic mapping {unknown}
 o - 2 scrolls of teleportation {unknown}
 p - 2 scrolls of enchant armour {unknown}
 r - a scroll of fear {unknown}
 x - 2 scrolls of poison
Potions
 e - 4 potions of haste
 h - a potion of degeneration {unknown}
 w - a potion of attraction


   Skills:
 + Level 3.0 Fighting
 + Level 1.5 Short Blades
 + Level 1.5 Long Blades
 + Level 1.5 Axes
 + Level 1.5 Maces & Flails
 + Level 1.5 Polearms
 + Level 1.5 Staves
 + Level 4.8 Ranged Weapons
 + Level 1.5 Throwing
 + Level 1.5 Armour
 + Level 4.8 Dodging
 + Level 1.5 Stealth
 + Level 1.5 Shields
 + Level 1.5 Unarmed Combat
 + Level 3.2 Spellcasting
 + Level 1.2 Conjurations
 + Level 5.5 Hexes
 + Level 1.2 Summonings
 + Level 1.2 Necromancy
 + Level 1.2 Translocations
 + Level 1.2 Transmutations
 + Level 1.2 Fire Magic
 + Level 1.2 Ice Magic
 + Level 1.2 Air Magic
 + Level 1.2 Earth Magic
 + Level 1.2 Poison Magic
 + Level 1.7 Invocations
 + Level 1.5 Evocations


You had 8 spell levels left.
You knew the following spells:

 Your Spells              Type           Power      Damage    Failure   Level
a - Slow                  Hex            100%       N/A       1%          1
b - Sandblast             Erth           18%        2d7       12%         1

Your spell library contained the following spells:

 Spells                   Type           Power      Damage    Failure   Level
 Inner Flame              Hex/Fire       18%        N/A       14%         3
 Portal Projectile        Hex/Tloc       36%        N/A       14%         3
 Passwall                 Tmut/Erth      7%         N/A       19%         2
 Cause Fear               Hex            14%        N/A       21%         4
 Gell's Gravitas          Tloc           9%         N/A       34%         3
 Lesser Beckoning         Tloc           18%        N/A       34%         3
 Stone Arrow              Conj/Erth      18%        3d8       34%         3
 Teleport Other           Tloc           9%         N/A       34%         3


Dungeon Overview and Level Annotations

Branches:
Dungeon (4/15)
 Temple: D:4-7

Altars:
Xom

Annotations:
D:3 2 transporters, SirDiesAlot's ghost, amateur MfFi
D:4 Blork the orc


Innate Abilities, Weirdness & Mutations

You have very sharp teeth.
Your uncanny sense of smell can sniff out nearby items.
Your experience applies equally to all skills.
Your body sometimes deteriorates upon taking damage.
You expend magic power (3 MP) to strengthen your wands.


Message History

As you open the door, it creaks loudly!
There is an open door here.
Found a stone staircase leading up.
l - 3 scrolls labelled LOIXZI OF TUULL
m - a coppery potion A ball python comes into view.
A ball python is nearby!
A ball python is nearby!
A ball python is nearby!
You shoot a sling bullet. The sling bullet hits the ball python.
You kill the ball python!
No target in view!
No target in view!
n - a scroll labelled CUB ZIEDWYFU
Found an escape hatch in the floor.
A worm comes into view.
You shoot a sling bullet. The sling bullet hits the worm.
The worm is lightly wounded.
You shoot a sling bullet. The sling bullet hits the worm.
The worm is moderately wounded.
You shoot a sling bullet. The sling bullet hits the worm.
The worm is heavily wounded.
The worm resists with significant effort.
You shoot a sling bullet. The sling bullet hits the worm.
The worm is heavily wounded.
The worm bites you.
You shoot a sling bullet. The sling bullet hits the worm.
The worm is severely wounded.
You shoot a sling bullet. The sling bullet hits the worm.
The worm is almost dead.
The worm bites you.
You are too injured to fight recklessly!
You are too injured to fight recklessly!
Aiming: Slow (safe; 2% risk of failure)
Press: ? - help, Q - select action, (/) - cycle Shift-Dir - straight line, f/p - worm
Aim: a worm (almost dead, chance to affect: 62%)
The worm seems to slow down.
The worm misses you.
You shoot a sling bullet. The sling bullet hits the worm!
You kill the worm!
Magic restored.
HP restored.
Found a hand axe.
o - a scroll labelled OFIKLA JACYWU A hobgoblin comes into view.
The hobgoblin shouts!
You shoot a sling bullet. The sling bullet hits the hobgoblin.
The hobgoblin is heavily wounded.
You shoot a sling bullet.
The sling bullet barely misses the hobgoblin.
You shoot a sling bullet. The sling bullet hits the hobgoblin.
You kill the hobgoblin!
You have reached level 3!
Your experience leads to an increase in your attributes!
Increase (S)trength, (I)ntelligence, or (D)exterity?
You feel clever. x2
You open the door.
Found a stone staircase leading down.
There is an open door here.
There is a stone staircase leading down here.
A ball python comes into view.
A ball python is nearby!
A ball python is nearby!
You shoot a sling bullet. The sling bullet hits the ball python.
You kill the ball python!
No target in view!
You see here a ball python corpse.
d - 3 scrolls labelled BOUJYPS EWKU (gained 1)
Found a stone staircase leading down.
A ball python comes into view.
A ball python is nearby!
You shoot a sling bullet. The sling bullet hits the ball python.
You kill the ball python!
No target in view!
No target in view!
There is a stone staircase leading down here.
A kobold comes into view. It is wielding a +0 whip.
The kobold shouts!
A kobold is nearby!
A kobold is nearby!
You shoot a sling bullet.
The sling bullet barely misses the kobold.
The kobold throws a stone.
The stone barely misses you.
The kobold throws a stone.
The stone hits you.
You shoot a sling bullet. The sling bullet hits the kobold.
The kobold is severely wounded.
You shoot a sling bullet.
The sling bullet barely misses the kobold.
You shoot a sling bullet.
The sling bullet closely misses the kobold.
The kobold throws a stone.
The stone misses you.
You shoot a sling bullet.
The sling bullet hits the kobold but does no damage.
The kobold is severely wounded.
You shoot a sling bullet. The sling bullet hits the kobold.
You kill the kobold!
No target in view!
No target in view!
No target in view!
Things that are here:
a +0 whip; 3 stones An endoplasm comes into view.
An endoplasm is nearby!
An endoplasm is nearby!
You shoot a sling bullet. The sling bullet hits the endoplasm.
The endoplasm is heavily wounded.
You shoot a sling bullet.
The sling bullet completely misses the endoplasm.
You shoot a sling bullet. The sling bullet hits the endoplasm.
The endoplasm is severely wounded.
You shoot a sling bullet. The sling bullet hits the endoplasm.
You kill the endoplasm!
No target in view!
No target in view!
You open the door.
A frilled lizard comes into view.
The frilled lizard hisses angrily.
Found a scroll labelled NAF DU VESH.
A frilled lizard is nearby!
A frilled lizard is nearby!
You shoot a sling bullet.
The sling bullet misses the frilled lizard.
You shoot a sling bullet.
The sling bullet closely misses the frilled lizard.
You shoot a sling bullet.
The sling bullet hits the frilled lizard!
You kill the frilled lizard!
No target in view!
No target in view!
No target in view!
There is an open door here.
p - a scroll labelled NAF DU VESH A rat comes into view.
A rat is nearby!
A rat is nearby!
You shoot a sling bullet. The sling bullet hits the rat.
You kill the rat!
No target in view!
No target in view!
No target in view!
You open the door.
There is an open door here.
d - 4 scrolls labelled BOUJYPS EWKU (gained 1)
There is an open door here.
You open the door.
There is an open door here.
You now have 120 gold pieces (gained 16).
There is an open door here.
There is an open door here.
You open the door.
There is an open door here.
You now have 125 gold pieces (gained 5).
q - a fuming white potion You open the door.
There is an open door here.
You now have 130 gold pieces (gained 5).
Done exploring.
No target in view!
No target in view!
Done exploring.
Done exploring.
Done exploring.
(D) Dungeon
Where to? (Enter - D:2, ? - help)
There is a stone staircase leading down here.
You climb downwards.
Found a scroll labelled EPHEITAYCS.
Found an escape hatch in the ceiling.
There is a stone staircase leading up here.
Unknown command.
Unknown command.
No target in view!
A rat comes into view.
A rat is nearby!
A rat is nearby!
You shoot a sling bullet. The sling bullet hits the rat!
You kill the rat!
An endoplasm comes into view.
You shoot a sling bullet. The sling bullet hits the endoplasm.
The endoplasm is moderately wounded.
You shoot a sling bullet. The sling bullet hits the endoplasm.
You kill the endoplasm!
No target in view!
Search for what [? for help]? weap
r - a scroll labelled EPHEITAYCS
Found a stone staircase leading down.
You open the door.
There is an open door here.
There is an escape hatch in the ceiling here.
You open the door.
A kobold comes into view. It is wielding a +0 dagger.
The kobold shouts!
Found a curved smoking staff.
You shoot a sling bullet.
The sling bullet completely misses the kobold.
The kobold throws a stone.
The stone hits you.
You shoot a sling bullet.
The sling bullet hits the kobold but does no damage.
You shoot a sling bullet. The sling bullet misses the kobold.
The kobold throws a stone.
The stone closely misses you.
You shoot a sling bullet. The sling bullet hits the kobold.
The kobold is severely wounded.
The kobold throws a stone.
The stone hits you but does no damage.
You shoot a sling bullet.
The sling bullet barely misses the kobold.
You shoot a sling bullet. The sling bullet misses the kobold.
You shoot a sling bullet.
The sling bullet barely misses the kobold.
You shoot a sling bullet. The sling bullet hits the kobold!
You kill the kobold!
No target in view!
No target in view!
Found a robe.
There is an open door here.
Things that are here:
a +0 dagger; 2 stones; a kobold corpse
s - a staff of cold
Found a tower shield.
Found a transporter.
You now have 143 gold pieces (gained 13).
SirDiesAlot's ghost turns its malevolent gaze towards you.
o - 2 scrolls labelled OFIKLA JACYWU (gained 1)
b - 2 scrolls of poison (gained 1)
You now have 154 gold pieces (gained 11).
Found a stone staircase leading down.
Search for what [Enter for "weap", or ? for help]? shie
p - 2 scrolls labelled NAF DU VESH (gained 1)
t - a red potion
u - a wand of light (8)
Found a transporter.
The quasit gives a chilling moan.
You hear a chilling moan.
Found a stone staircase leading up.
Found a scale mail.
You see here a +0 scale mail.
You open the door.
There is an open door here.
Found a stone staircase leading down.
There is a stone staircase leading down here.
You now have 161 gold pieces (gained 7).
You pick up a book of Displacement and begin reading...
You add the spells Lesser Beckoning, Gell's Gravitas and Teleport Other to your library. 2 gnolls come into view.
The gnoll shouts! x2; You hear a shout!
There are monsters nearby!
A gnoll comes into view. It is wielding a +0 club.
Casting: Slow (safe; 2% risk of failure)
Confirm with . or Enter, or press ? or * to list all spells.
Aiming: Slow (safe; 2% risk of failure)
Press: ? - help, Shift-Dir - straight line, f - gnoll
Aim: a gnoll, wielding a +0 club (chance to affect: 65%)
The gnoll struggles to resist.
Fire: a) +1 sling
Press: ? - help, Q - select action, (/) - cycle Shift-Dir - straight line, f/p - gnoll
Aim: a gnoll, wielding a +0 club (63% to hit)
You shoot a sling bullet.
The sling bullet hits the gnoll but does no damage.
SirDiesAlot's ghost turns its malevolent gaze towards you.
The quasit gives a chilling moan.
SirDiesAlot's ghost stares at you.
You see here a +0 tower shield.
Casting: Slow (safe; 2% risk of failure)
Confirm with . or Enter, or press ? or * to list all spells.
Aiming: Slow (safe; 2% risk of failure)
Press: ? - help, Shift-Dir - straight line, f/p - gnoll
Aim: a gnoll, wielding a +0 club (chance to affect: 65%)
The gnoll seems to slow down.
Fire: a) +1 sling
Press: ? - help, Q - select action, (/) - cycle Shift-Dir - straight line, f/p - gnoll
Aim: a gnoll, wielding a +0 club (slow, 63% to hit)
You shoot a sling bullet.
The sling bullet hits the gnoll but does no damage.
Fire: a) +1 sling
Press: ? - help, Q - select action, (/) - cycle Shift-Dir - straight line, f/p - gnoll
Aim: a gnoll, wielding a +0 club (slow, 63% to hit)
You shoot a sling bullet. The sling bullet hits the gnoll.
The gnoll is lightly wounded.
The gnoll barely misses you.
Fire: a) +1 sling
Press: ? - help, Q - select action, (/) - cycle Shift-Dir - straight line, f/p - gnoll
Aim: a gnoll, wielding a +0 club (lightly wounded, slow, 63% to hit)
You shoot a sling bullet.
The sling bullet closely misses the gnoll.
The sling bullet barely misses the gnoll.
The sling bullet closely misses the gnoll.
The gnoll misses you.
Fire: a) +1 sling
Press: ? - help, Q - select action, (/) - cycle Shift-Dir - straight line, f/p - gnoll
Aim: a gnoll, wielding a +0 club (lightly wounded, slow, 63% to hit)
You shoot a sling bullet. The sling bullet hits the gnoll.
The gnoll is moderately wounded.
The gnoll hits you with a +0 club.
There is a stone staircase leading up here.
Fire: a) +1 sling
Press: ? - help, Q - select action, (/) - cycle Shift-Dir - straight line, f/p - gnoll
Aim: a gnoll, wielding a +0 club (moderately wounded, slow, 63% to hit)
You shoot a sling bullet.
The sling bullet hits the gnoll but does no damage.
The gnoll is moderately wounded.
Fire: a) +1 sling
Press: ? - help, Q - select action, (/) - cycle Shift-Dir - straight line, f/p - gnoll
Aim: a gnoll, wielding a +0 club (moderately wounded, slow, 63% to hit)
You shoot a sling bullet. The sling bullet hits the gnoll.
The gnoll is severely wounded.
The gnoll hits you with a +0 club.
You climb upwards.
There is a stone staircase leading down here.
Fire: a) +1 sling
Press: ? - help, Q - select action, (/) - cycle Shift-Dir - straight line, f - gnoll
Aim: a gnoll, wielding a +0 club (severely wounded, slow, 63% to hit)
You shoot a sling bullet. The sling bullet hits the gnoll.
The gnoll is almost dead.
The gnoll hits you with a +0 club.
Fire: a) +1 sling
Press: ? - help, Q - select action, (/) - cycle Shift-Dir - straight line, f/p - gnoll
Aim: a gnoll, wielding a +0 club (almost dead, slow, 63% to hit)
You shoot a sling bullet. The sling bullet hits the gnoll.
The gnoll is almost dead.
Fire: a) +1 sling
Press: ? - help, Q - select action, (/) - cycle Shift-Dir - straight line, f/p - gnoll
Aim: a gnoll, wielding a +0 club (almost dead, slow, 63% to hit)
You shoot a sling bullet.
The sling bullet barely misses the gnoll.
The gnoll completely misses you.
Fire: a) +1 sling
Press: ? - help, Q - select action, (/) - cycle Shift-Dir - straight line, f/p - gnoll
Aim: a gnoll, wielding a +0 club (almost dead, slow, 63% to hit)
You shoot a sling bullet.
The sling bullet barely misses the gnoll.
The gnoll closely misses you.
Fire: a) +1 sling
Press: ? - help, Q - select action, (/) - cycle Shift-Dir - straight line, f/p - gnoll
Aim: a gnoll, wielding a +0 club (almost dead, slow, 63% to hit)
You shoot a sling bullet. The sling bullet hits the gnoll.
You kill the gnoll!
Your Invocations skill increases to level 1!
Things that are here:
a +0 club; a gnoll corpse You start resting.
HP restored.
Things that are here:
a +0 club; a gnoll corpse
v - a +0 club
There is a stone staircase leading down here.
You climb downwards.
Level annotation: 2 transporters, SirDiesAlot's ghost, amateur MfFi
There is a stone staircase leading up here.
Found an escape hatch in the floor.
There is an escape hatch in the floor here.
w - 2 fizzy clear potions The quasit gives a chilling moan.
e - 4 sedimented clear potions (gained 1)
A gnoll is nearby!
A gnoll is nearby!
A gnoll is nearby!
You shoot a sling bullet. The gnoll shouts!
The sling bullet hits the gnoll.
The gnoll is moderately wounded.
You shoot a sling bullet.
The sling bullet hits the gnoll but does no damage.
The gnoll is moderately wounded.
You shoot a sling bullet.
The sling bullet barely misses the gnoll.
Casting: Slow (safe; 2% risk of failure)
Confirm with . or Enter, or press ? or * to list all spells.
Aiming: Slow (safe; 2% risk of failure)
Press: ? - help, Shift-Dir - straight line, f/p - gnoll
Aim: a gnoll, wielding a +0 club (moderately wounded, chance to affect: 65%)
The gnoll struggles to resist.
Fire: a) +1 sling
Press: ? - help, Q - select action, (/) - cycle Shift-Dir - straight line, f/p - gnoll
Aim: a gnoll, wielding a +0 club (moderately wounded, 63% to hit)
You shoot a sling bullet. The sling bullet hits the gnoll.
The gnoll is heavily wounded.
Casting: Slow (safe; 2% risk of failure)
Confirm with . or Enter, or press ? or * to list all spells.
Aiming: Slow (safe; 2% risk of failure)
Press: ? - help, Shift-Dir - straight line, f/p - gnoll
Aim: a gnoll, wielding a +0 club (heavily wounded, chance to affect: 65%)
The gnoll seems to slow down.
The gnoll hits you with a +0 club.
Fire: a) +1 sling
Press: ? - help, Q - select action, (/) - cycle Shift-Dir - straight line, f/p - gnoll
Aim: a gnoll, wielding a +0 club (heavily wounded, slow, 63% to hit)
You shoot a sling bullet. The sling bullet hits the gnoll.
The gnoll is severely wounded.
Fire: a) +1 sling
Press: ? - help, Q - select action, (/) - cycle Shift-Dir - straight line, f/p - gnoll
Aim: a gnoll, wielding a +0 club (severely wounded, slow, 63% to hit)
You shoot a sling bullet.
The sling bullet barely misses the gnoll.
Fire: a) +1 sling
Press: ? - help, Q - select action, (/) - cycle Shift-Dir - straight line, f/p - gnoll
Aim: a gnoll, wielding a +0 club (severely wounded, slow, 63% to hit)
You shoot a sling bullet. The sling bullet hits the gnoll.
You kill the gnoll!
Your Short Blades skill increases to level 1!
Your Long Blades skill increases to level 1!
Your Axes skill increases to level 1!
Your Maces & Flails skill increases to level 1!
Your Polearms skill increases to level 1!
Your Staves skill increases to level 1!
Your Throwing skill increases to level 1!
Your Armour skill increases to level 1!
Your Stealth skill increases to level 1!
Your Shields skill increases to level 1!
Your Unarmed Combat skill increases to level 1!
Your Evocations skill increases to level 1!
Fire: a) +1 sling
Press: ? - help, Q - select action, (/) - cycle Shift-Dir - straight line, f - you Really target yourself?
Okay, then.
Unknown command.
HP restored.
Magic restored.
Things that are here:
a +0 club; a gnoll corpse A gnoll is nearby!
A gnoll is nearby!
A gnoll is nearby!
You shoot a sling bullet. The gnoll shouts!
The sling bullet hits the gnoll.
The gnoll is moderately wounded.
Casting: Slow (safe; 2% risk of failure)
Confirm with . or Enter, or press ? or * to list all spells.
Aiming: Slow (safe; 2% risk of failure)
Press: ? - help, Shift-Dir - straight line, f/p - gnoll
Aim: a gnoll, wielding a +0 spear (moderately wounded, chance to affect: 65%)
The gnoll seems to slow down.
You shoot a sling bullet.
The sling bullet barely misses the gnoll.
You shoot a sling bullet.
The sling bullet hits the gnoll but does no damage.
The gnoll is moderately wounded.
You shoot a sling bullet. The sling bullet hits the gnoll.
The gnoll is heavily wounded.
You shoot a sling bullet.
The sling bullet barely misses the gnoll.
You shoot a sling bullet. The sling bullet hits the gnoll.
The gnoll is severely wounded.
You shoot a sling bullet.
The sling bullet hits the gnoll but does no damage.
The gnoll is severely wounded.
The gnoll hits you from afar with a +0 spear.
You shoot a sling bullet.
The sling bullet barely misses the gnoll.
You shoot a sling bullet.
The sling bullet closely misses the gnoll.
The gnoll hits you from afar with a +0 spear.
You shoot a sling bullet. The sling bullet hits the gnoll.
The gnoll is almost dead.
The gnoll misses you.
You shoot a sling bullet.
The sling bullet completely misses the gnoll.
The gnoll hits you from afar with a +0 spear.
You shoot a sling bullet.
The sling bullet barely misses the gnoll.
You shoot a sling bullet.
The sling bullet closely misses the gnoll.
The gnoll hits you from afar with a +0 spear.
* * * LOW HITPOINT WARNING * * *
You are too injured to fight recklessly!
Things that are here:
a +0 club; a gnoll corpse Fire: a) +1 sling
Press: ? - help, Q - select action, (/) - cycle Shift-Dir - straight line, f/p - gnoll
Aim: a gnoll, wielding a +0 spear (almost dead, slow, 63% to hit)
You shoot a sling bullet.
The sling bullet hits the gnoll but does no damage.
The gnoll is almost dead.
Fire: a) +1 sling
Press: ? - help, Q - select action, (/) - cycle Shift-Dir - straight line, f/p - gnoll
Aim: a gnoll, wielding a +0 spear (almost dead, slow, 63% to hit)
You shoot a sling bullet. The sling bullet hits the gnoll.
The gnoll is almost dead.
The gnoll is no longer moving slowly.
Fire: a) +1 sling
Press: ? - help, Q - select action, (/) - cycle Shift-Dir - straight line, f/p - gnoll
Aim: a gnoll, wielding a +0 spear (almost dead, 63% to hit)
You shoot a sling bullet.
The sling bullet barely misses the gnoll.
Fire: a) +1 sling
Press: ? - help, Q - select action, (/) - cycle Shift-Dir - straight line, f/p - gnoll
Aim: a gnoll, wielding a +0 spear (almost dead, 63% to hit)
You shoot a sling bullet.
The sling bullet closely misses the gnoll.
The gnoll barely misses you.
Casting: Slow (safe; 2% risk of failure)
Confirm with . or Enter, or press ? or * to list all spells.
Aiming: Slow (safe; 2% risk of failure)
Press: ? - help, Shift-Dir - straight line, f/p - gnoll
Aim: a gnoll, wielding a +0 spear (almost dead, chance to affect: 65%)
The gnoll seems to slow down.
Fire: a) +1 sling
Press: ? - help, Q - select action, (/) - cycle Shift-Dir - straight line, f/p - gnoll
Aim: a gnoll, wielding a +0 spear (almost dead, slow, 63% to hit)
You shoot a sling bullet.
The sling bullet hits the gnoll but does no damage.
The gnoll is almost dead.
Fire: a) +1 sling
Press: ? - help, Q - select action, (/) - cycle Shift-Dir - straight line, f/p - gnoll
Aim: a gnoll, wielding a +0 spear (almost dead, slow, 63% to hit)
You shoot a sling bullet. The quasit gives a chilling moan.
The sling bullet hits the gnoll.
You kill the gnoll!
Your Spellcasting skill increases to level 3!
You have reached level 4!
You feel clever.
Things that are here:
a +0 spear; a gnoll corpse
x - a +0 spear You drop a +0 club.
There is an open door here.
Partly explored, unvisited transporter.
Partly explored, unvisited transporter.
Partly explored, unvisited transporter.
Partly explored, unvisited transporter.
(D) Dungeon
Where to? (Enter - D:2 @ (x,y), ? - help)
There is a stone staircase leading down here.
You climb downwards.
There is a stone staircase leading up here.
Unknown command.
An ufetubus comes into view.
The ufetubus shouts!
An ufetubus is nearby!
An ufetubus is nearby!
An ufetubus is nearby!
You shoot a sling bullet. The sling bullet hits the ufetubus.
You kill the ufetubus!
A quokka comes into view.
You shoot a sling bullet. The sling bullet hits the quokka.
The quokka is moderately wounded.
You shoot a sling bullet. The sling bullet hits the quokka.
You kill the quokka!
No target in view!
A hobgoblin comes into view.
The hobgoblin shouts!
A hobgoblin is nearby!
A hobgoblin is nearby!
You shoot a sling bullet. The sling bullet hits the hobgoblin.
The hobgoblin is severely wounded.
You shoot a sling bullet. The sling bullet hits the hobgoblin.
You kill the hobgoblin!
No target in view!
A hobgoblin comes into view.
A hobgoblin is nearby!
A hobgoblin is nearby!
You shoot a sling bullet. The sling bullet hits the hobgoblin.
The hobgoblin shouts!
The hobgoblin is almost dead.
You shoot a sling bullet. The sling bullet hits the hobgoblin.
You kill the hobgoblin!
You see here a hobgoblin corpse.
You now have 170 gold pieces (gained 9).
An adder comes into view.
An adder is nearby!
An adder is nearby!
You shoot a sling bullet. The sling bullet hits the adder.
The adder hisses angrily.
The adder is heavily wounded.
You shoot a sling bullet.
The sling bullet closely misses the adder.
You shoot a sling bullet. The sling bullet hits the adder.
The adder is severely wounded.
Casting: Slow (safe; 2% risk of failure)
Confirm with . or Enter, or press ? or * to list all spells.
Aiming: Slow (safe; 2% risk of failure)
Press: ? - help, Shift-Dir - straight line, f/p - adder
Aim: an adder (severely wounded, chance to affect: 67%)
The adder struggles to resist.
You shoot a sling bullet.
The sling bullet closely misses the adder.
The adder misses you. The adder bites you but does no damage.
You shoot a sling bullet.
The sling bullet barely misses the adder.
The adder closely misses you.
You shoot a sling bullet. The sling bullet hits the adder.
The adder is almost dead.
The adder closely misses you. x2
You shoot a sling bullet. The sling bullet hits the adder.
The adder is almost dead.
The adder completely misses you.
You shoot a sling bullet. The sling bullet hits the adder.
You kill the adder!
Your Conjurations skill increases to level 1!
Your Summonings skill increases to level 1!
Your Necromancy skill increases to level 1!
Your Translocations skill increases to level 1!
Your Transmutations skill increases to level 1!
Your Fire Magic skill increases to level 1!
Your Ice Magic skill increases to level 1!
Your Air Magic skill increases to level 1!
Your Earth Magic skill increases to level 1!
Your Poison Magic skill increases to level 1!
No target in view!
Magic restored.
e - 5 sedimented clear potions (gained 1)
A hound comes into view.
A hound is nearby!
A hound is nearby!
You shoot a sling bullet. The sling bullet hits the hound.
The hound barks!
The hound is moderately wounded.
You shoot a sling bullet.
The sling bullet closely misses the hound.
You shoot a sling bullet. The sling bullet hits the hound.
The hound is severely wounded.
The hound barely misses you.
You shoot a sling bullet.
The sling bullet barely misses the hound.
The hound closely misses you. The hound bites you but does no damage.
Okay, then.
Adjust (i)tems, (s)pells, or (a)bilities?
x - a +0 spear Adjust to which letter? (? for menu, Esc to quit)
b - a +0 spear;
x - 2 scrolls of poison
b - a +0 spear (weapon)
You completely miss the hound.
The hound is severely wounded.
The hound bites you. The hound closely misses you.
You hit the hound.
The hound is almost dead.
The hound barely misses you. The hound closely misses you.
You barely miss the hound.
The hound is almost dead.
The hound barely misses you.
You hit the hound.
You kill the hound!
No target in view!
a - a +1 sling (weapon)
HP restored.
You see here a hound corpse.
You open the door.
There is an open door here.
Found a stone staircase leading down.
You open the door.
A ball python comes into view.
The ball python hisses angrily.
A ball python is nearby!
You shoot a sling bullet. The sling bullet hits the ball python!
You kill the ball python!
A scorpion comes into view.
You shoot a sling bullet.
The sling bullet closely misses the scorpion.
You shoot a sling bullet.
The sling bullet hits the scorpion but does no damage.
You close the door, pushing everything out of the way.
You see here a ball python corpse.
You open the door.
There is an open door here.
You open the door.
There is an open door here.
You open the door.
There is an open door here.
An adder comes into view.
An adder is nearby!
An adder is nearby!
An adder is nearby!
You shoot a sling bullet. The sling bullet misses the adder.
The adder hisses angrily.
Casting: Slow (safe; 1% risk of failure)
Confirm with . or Enter, or press ? or * to list all spells.
Aiming: Slow (safe; 1% risk of failure)
Press: ? - help, Shift-Dir - straight line, f/p - adder
Aim: an adder (chance to affect: 67%)
The adder struggles to resist.
Casting: Slow (safe; 1% risk of failure)
Confirm with . or Enter, or press ? or * to list all spells.
Aiming: Slow (safe; 1% risk of failure)
Press: ? - help, Shift-Dir - straight line, f/p - adder
Aim: an adder (chance to affect: 67%)
The adder struggles to resist.
Casting: Slow (safe; 1% risk of failure)
Confirm with . or Enter, or press ? or * to list all spells.
Aiming: Slow (safe; 1% risk of failure)
Press: ? - help, Shift-Dir - straight line, f/p - adder
Aim: an adder (chance to affect: 67%)
The adder seems to slow down.
You shoot a sling bullet.
The sling bullet closely misses the adder.
You shoot a sling bullet. The sling bullet misses the adder.
The adder bites you.
You shoot a sling bullet. The sling bullet hits the adder.
The adder is lightly wounded.
The adder completely misses you.
You shoot a sling bullet.
The sling bullet barely misses the adder.
The adder barely misses you.
You shoot a sling bullet. The sling bullet misses the adder.
The adder closely misses you.
You shoot a sling bullet. The sling bullet hits the adder.
The adder is moderately wounded.
The adder closely misses you.
You shoot a sling bullet.
The sling bullet closely misses the adder.
The adder bites you but does no damage.
You shoot a sling bullet. The sling bullet hits the adder!
You kill the adder!
You have reached level 5!
You open the door.
There is an open door here.
An iguana comes into view.
You see here 12 gold pieces.
An iguana is nearby!
An iguana is nearby!
An iguana is nearby!
You now have 182 gold pieces (gained 12).
The iguana hisses angrily.
Casting: Slow (safe; 1% risk of failure)
Confirm with . or Enter, or press ? or * to list all spells.
Aiming: Slow (safe; 1% risk of failure)
Press: ? - help, Shift-Dir - straight line, f - iguana
Aim: an iguana (chance to affect: 67%)
The iguana seems to slow down.
b - a +0 spear (weapon)
You reach to attack!
You hit the iguana but do no damage.
The iguana hisses menacingly.
You closely miss the iguana. Your bite misses the iguana. The iguana bites you.
You hit the iguana but do no damage. The iguana bites you.
There is an open door here.
Casting: Slow (safe; 1% risk of failure)
Confirm with . or Enter, or press ? or * to list all spells.
Aiming: Slow (safe; 1% risk of failure)
Press: ? - help, Shift-Dir - straight line, f/p - iguana
Aim: an iguana (slow, chance to affect: 67%)
The iguana seems to slow down.
Reach: b) +0 spear
Press: ? - help, Dir - move target, f - you, p - iguana That would be overly suicidal.
Okay, then.
Unknown command.
Reach: b) +0 spear
Press: ? - help, Dir - move target, f - iguana
Aim: an iguana (slow, about 36% to evade your +0 spear)
You reach to attack!
You hit the iguana but do no damage.
Reach: b) +0 spear
Press: ? - help, Dir - move target, f/p - iguana
Aim: an iguana (slow, about 36% to evade your +0 spear)
You hit the iguana but do no damage. You hit the iguana but do no damage.
The iguana closely misses you.
You hit the iguana but do no damage. The iguana bites you.
You barely miss the iguana. You hit the iguana but do no damage.
Your punch misses the iguana. The iguana closely misses you.
You hit the iguana.
The iguana is lightly wounded.
The iguana bites you!
You hit the iguana but do no damage. Your bite misses the iguana.
The iguana is lightly wounded.
The iguana bites you.
Casting: Slow (safe; 1% risk of failure)
Confirm with . or Enter, or press ? or * to list all spells.
Aiming: Slow (safe; 1% risk of failure)
Press: ? - help, Shift-Dir - straight line, f/p - iguana
Aim: an iguana (slow, chance to affect: 67%)
The iguana seems to slow down.
There is an open door here.
a - a +1 sling (weapon)
Fire: a) +1 sling
Press: ? - help, Q - select action, (/) - cycle Shift-Dir - straight line, f/p - iguana
Aim: an iguana (slow, 63% to hit)
You shoot a sling bullet. The sling bullet hits the iguana!
The iguana is heavily wounded.
Fire: a) +1 sling
Press: ? - help, Q - select action, (/) - cycle Shift-Dir - straight line, f/p - iguana
Aim: an iguana (heavily wounded, slow, 63% to hit)
You shoot a sling bullet. The sling bullet hits the iguana!
The iguana is almost dead.
Fire: a) +1 sling
Press: ? - help, Q - select action, (/) - cycle Shift-Dir - straight line, f/p - iguana
Aim: an iguana (almost dead, slow, 63% to hit)
You shoot a sling bullet.
The sling bullet closely misses the iguana.
Fire: a) +1 sling
Press: ? - help, Q - select action, (/) - cycle Shift-Dir - straight line, f/p - iguana
Aim: an iguana (almost dead, slow, 63% to hit)
You shoot a sling bullet. The sling bullet hits the iguana.
The iguana is almost dead.
Fire: a) +1 sling
Press: ? - help, Q - select action, (/) - cycle Shift-Dir - straight line, f/p - iguana
Aim: an iguana (almost dead, slow, 63% to hit)
You shoot a sling bullet.
The sling bullet hits the iguana but does no damage.
The iguana is almost dead.
Fire: a) +1 sling
Press: ? - help, Q - select action, (/) - cycle Shift-Dir - straight line, f/p - iguana
Aim: an iguana (almost dead, slow, 63% to hit)
You shoot a sling bullet. The sling bullet hits the iguana.
The iguana is almost dead.
Fire: a) +1 sling
Press: ? - help, Q - select action, (/) - cycle Shift-Dir - straight line, f/p - iguana
Aim: an iguana (almost dead, slow, 63% to hit)
You shoot a sling bullet.
The sling bullet barely misses the iguana.
Fire: a) +1 sling
Press: ? - help, Q - select action, (/) - cycle Shift-Dir - straight line, f/p - iguana
Aim: an iguana (almost dead, slow, 63% to hit)
You shoot a sling bullet.
The sling bullet closely misses the iguana.
The iguana bites you!
There is an open door here.
Fire: a) +1 sling
Press: ? - help, Q - select action, (/) - cycle Shift-Dir - straight line, f/p - iguana
Aim: an iguana (almost dead, slow, 63% to hit)
You shoot a sling bullet.
The sling bullet hits the iguana but does no damage.
The iguana is almost dead.
The iguana hisses menacingly.
Casting: Slow (safe; 1% risk of failure)
Confirm with . or Enter, or press ? or * to list all spells.
Aiming: Slow (safe; 1% risk of failure)
Press: ? - help, Shift-Dir - straight line, f/p - iguana
Aim: an iguana (almost dead, slow, chance to affect: 67%)
The iguana seems to slow down.
Fire: a) +1 sling
Press: ? - help, Q - select action, (/) - cycle Shift-Dir - straight line, f/p - iguana
Aim: an iguana (almost dead, slow, 63% to hit)
You shoot a sling bullet.
The sling bullet barely misses the iguana.
Fire: a) +1 sling
Press: ? - help, Q - select action, (/) - cycle Shift-Dir - straight line, f/p - iguana
Aim: an iguana (almost dead, slow, 63% to hit)
You shoot a sling bullet.
The sling bullet barely misses the iguana.
Fire: a) +1 sling
Press: ? - help, Q - select action, (/) - cycle Shift-Dir - straight line, f/p - iguana
Aim: an iguana (almost dead, slow, 63% to hit)
You shoot a sling bullet. The sling bullet hits the iguana!
You kill the iguana!
Your Fighting skill increases to level 3!
b - a +0 spear (weapon)
a - a +1 sling (weapon)
Blork the orc comes into view.
He is wielding a +3 vorpal halberd.
Blork the orc is nearby!
Blork the orc is nearby!
Blork the orc is nearby!
Okay, then.
Memorise Sandblast, consuming 1 spell level and leaving 8?
You start memorising the spell.
You continue memorising.
You finish memorising.
Spell assigned to 'b'.
Okay, then.
There is an open door here.
You open the door.
There is an open door here.
A goblin comes into view. It is wielding a +0 club.
The goblin shouts!
A goblin is nearby!
A goblin is nearby!
A goblin is nearby!
You shoot a sling bullet. The sling bullet hits the goblin.
The goblin is moderately wounded.
You shoot a sling bullet. The sling bullet misses the goblin.
You shoot a sling bullet.
The sling bullet barely misses the goblin.
You shoot a sling bullet. The sling bullet hits the goblin.
You kill the goblin!
No target in view!
A goblin comes into view. It is wielding a +0 club.
A goblin is nearby!
A goblin is nearby!
You shoot a sling bullet. The goblin shouts!
The sling bullet hits the goblin.
You kill the goblin!
An endoplasm comes into view.
You shoot a sling bullet. The endoplasm quivers.
The sling bullet hits the endoplasm.
The endoplasm is moderately wounded.
An endoplasm is nearby!
You shoot a sling bullet. The sling bullet hits the endoplasm.
You kill the endoplasm!
No target in view!
A scorpion is nearby!
A scorpion is nearby!
A scorpion is nearby!
You shoot a sling bullet. The sling bullet hits the scorpion.
The scorpion is lightly wounded.
You shoot a sling bullet.
The sling bullet hits the scorpion but does no damage.
The scorpion is lightly wounded.
You shoot a sling bullet.
The sling bullet barely misses the scorpion.
Unknown command.
Casting: Slow (safe; 1% risk of failure)
Confirm with . or Enter, or press ? or * to list all spells.
Aiming: Sandblast (safe; 12% risk of failure)
Press: ? - help, Shift-Dir - straight line, f/p - scorpion
Aim: a scorpion (81% to hit)
The blast of sand hits the scorpion.
The scorpion is moderately wounded.
Casting: Sandblast (safe; 12% risk of failure)
Confirm with . or Enter, or press ? or * to list all spells.
Aiming: Sandblast (safe; 12% risk of failure)
Press: ? - help, Shift-Dir - straight line, f/p - scorpion
Aim: a scorpion (moderately wounded, 81% to hit)
The blast of sand hits the scorpion but does no damage.
The scorpion is moderately wounded.
The scorpion barely misses you.
The scorpion stings you but does no damage.
Casting: Sandblast (safe; 12% risk of failure)
Confirm with . or Enter, or press ? or * to list all spells.
Aiming: Sandblast (safe; 12% risk of failure)
Press: ? - help, Shift-Dir - straight line, f/p - scorpion
Aim: a scorpion (moderately wounded, 81% to hit)
The blast of sand hits the scorpion.
The scorpion is moderately wounded.
The scorpion stings you. x2
Casting: Sandblast (safe; 12% risk of failure)
Confirm with . or Enter, or press ? or * to list all spells.
Aiming: Sandblast (safe; 12% risk of failure)
Press: ? - help, Shift-Dir - straight line, f/p - scorpion
Aim: a scorpion (moderately wounded, 81% to hit)
The blast of sand hits the scorpion!
The scorpion is severely wounded.
The scorpion completely misses you. The scorpion stings you.
Casting: Sandblast (safe; 12% risk of failure)
Confirm with . or Enter, or press ? or * to list all spells.
Aiming: Sandblast (safe; 12% risk of failure)
Press: ? - help, Shift-Dir - straight line, f/p - scorpion
Aim: a scorpion (severely wounded, 81% to hit)
The blast of sand misses the scorpion.
The scorpion stings you.
Casting: Sandblast (safe; 12% risk of failure)
Confirm with . or Enter, or press ? or * to list all spells.
Aiming: Sandblast (safe; 12% risk of failure)
Press: ? - help, Shift-Dir - straight line, f/p - scorpion
Aim: a scorpion (severely wounded, 81% to hit)
The blast of sand hits the scorpion but does no damage.
The scorpion is severely wounded.
The scorpion stings you but does no damage.
The scorpion stings you.
Casting: Sandblast (safe; 12% risk of failure)
Confirm with . or Enter, or press ? or * to list all spells.
Aiming: Sandblast (safe; 12% risk of failure)
Press: ? - help, Shift-Dir - straight line, f/p - scorpion
Aim: a scorpion (severely wounded, 81% to hit)
The blast of sand hits the scorpion but does no damage.
The scorpion is severely wounded.
The scorpion completely misses you. The scorpion closely misses you.
Casting: Sandblast (safe; 12% risk of failure)
Confirm with . or Enter, or press ? or * to list all spells.
Aiming: Sandblast (safe; 12% risk of failure)
Press: ? - help, Shift-Dir - straight line, f/p - scorpion
Aim: a scorpion (severely wounded, 81% to hit)
The blast of sand misses the scorpion.
The scorpion stings you.
* * * LOW HITPOINT WARNING * * *
The scorpion barely misses you.
Casting: Sandblast (safe; 12% risk of failure)
Confirm with . or Enter, or press ? or * to list all spells.
Aiming: Sandblast (safe; 12% risk of failure)
Press: ? - help, Shift-Dir - straight line, f/p - scorpion
Aim: a scorpion (severely wounded, 81% to hit)
You miscast Sandblast.
You are very lightly contaminated with residual magic.
Nothing appears to happen.
* * * LOW MAGIC WARNING * * *
The scorpion stings you but does no damage.
Casting: Sandblast (safe; 12% risk of failure)
Confirm with . or Enter, or press ? or * to list all spells.
Aiming: Sandblast (safe; 12% risk of failure)
Press: ? - help, Shift-Dir - straight line, f/p - scorpion
Aim: a scorpion (severely wounded, 81% to hit)
The blast of sand hits the scorpion but does no damage.
The scorpion is severely wounded.
* * * LOW MAGIC WARNING * * *
The scorpion stings you.
* * * LOW HITPOINT WARNING * * *
You are poisoned.
The scorpion poisons you!
The scorpion stings you but does no damage.
It was a potion of haste.
You feel yourself speed up.
* * * LOW HITPOINT WARNING * * *
You feel very sick. The scorpion stings you.
* * * LOW HITPOINT WARNING * * *
It was a potion of invisibility.
You fade into invisibility!
* * * LOW HITPOINT WARNING * * *
You feel sick. The scorpion misses you.
It was a potion of attraction.
You feel attractive to monsters.
* * * LOW HITPOINT WARNING * * *
You feel sick. The scorpion closely misses you.
It was a potion of ambrosia.
You are confused.
You feel invigorated.
* * * LOW HITPOINT WARNING * * *
You feel sick.
It was a potion of brilliance.
You feel clever all of a sudden.
You feel sick. The scorpion stings you.
* * * LOW HITPOINT WARNING * * *
You are more poisoned.
The scorpion poisons you!
It was a potion of mutation.
You feel extremely strange.
You feel your magical essence link to the dungeon's wands.
You feel yourself wasting away.
You die...

#.#.# ###)#.## ##...... ....#.#
#.....# .## #.....###.. ..#
#.s....... .# ..# #@# ####.#
##..# #.# #....# #...# #.# ....
.###...# ##'## ... o......#
##.รท.## #.# #.### ##.....##
##.# ####.#.## ##.......##
##..##
........####.........####..#.##
...........'.>.......'....###.##


You could see a scorpion (unable to see you).

Vanquished Creatures
  A hound (D:4)
  An iguana (D:4)
  3 gnolls
  2 adders (D:4)
  An ufetubus (D:4)
  A worm (D:2)
  A dart slug (D:2)
  3 bats (D:1)
  3 endoplasms
  A giant cockroach (D:1)
  3 goblins
  4 hobgoblins
  3 quokkas
  5 ball pythons
  4 frilled lizards
  3 kobolds
  4 rats
43 creatures vanquished.

Notes
Turn   | Place    | Note
-------+----------+-------------------------------------------
     0 | D:1      | sleeves the Gnoll Hexslinger began the quest for the Orb.
     0 | D:1      | Reached XP level 1. HP: 17/17 MP: 4/4
   102 | D:1      | You fall into a shaft and drop 1 floor!
   106 | D:2      | Found a shimmering altar of Xom.
   207 | D:1      | Found a faded altar of an unknown god.
   238 | D:1      | Reached XP level 2. HP: 23/23 MP: 3/5
   686 | D:2      | Reached XP level 3. HP: 28/28 MP: 7/7
  1163 | D:3      | Found a transporter.
  1173 | D:3      | Noticed SirDiesAlot's ghost (amateur MfFi)
  1225 | D:3      | Found a transporter.
  1428 | D:2      | Reached skill level 1 in Invocations
  1679 | D:3      | Reached skill level 1 in Short Blades
  1679 | D:3      | Reached skill level 1 in Long Blades
  1679 | D:3      | Reached skill level 1 in Axes
  1679 | D:3      | Reached skill level 1 in Maces & Flails
  1679 | D:3      | Reached skill level 1 in Polearms
  1679 | D:3      | Reached skill level 1 in Staves
  1679 | D:3      | Reached skill level 1 in Throwing
  1679 | D:3      | Reached skill level 1 in Armour
  1679 | D:3      | Reached skill level 1 in Stealth
  1679 | D:3      | Reached skill level 1 in Shields
  1679 | D:3      | Reached skill level 1 in Unarmed Combat
  1679 | D:3      | Reached skill level 1 in Evocations
  1701 | D:3      | HP: 13/28 [gnoll/+0 spear (6)]
  1729 | D:3      | Reached skill level 3 in Spellcasting
  1729 | D:3      | Reached XP level 4. HP: 24/34 MP: 8/8
  1873 | D:4      | Reached skill level 1 in Conjurations
  1873 | D:4      | Reached skill level 1 in Summonings
  1873 | D:4      | Reached skill level 1 in Necromancy
  1873 | D:4      | Reached skill level 1 in Translocations
  1873 | D:4      | Reached skill level 1 in Transmutations
  1873 | D:4      | Reached skill level 1 in Fire Magic
  1873 | D:4      | Reached skill level 1 in Ice Magic
  1873 | D:4      | Reached skill level 1 in Air Magic
  1873 | D:4      | Reached skill level 1 in Earth Magic
  1873 | D:4      | Reached skill level 1 in Poison Magic
  1954 | D:4      | Noticed a scorpion
  2032 | D:4      | Reached XP level 5. HP: 38/40 MP: 6/9
  2172 | D:4      | Reached skill level 3 in Fighting
  2222 | D:4      | Noticed Blork the orc
  2226 | D:4      | Learned a level 1 spell: Sandblast
  2281 | D:4      | HP: 20/41 [scorpion (6)]
  2284 | D:4      | HP: 6/41 [scorpion (6)]
  2288 | D:4      | HP: 2/41 [scorpion (6)]
  2289 | D:4      | Gained mutation: You expend magic power (3 MP) to
                  | strengthen your wands. [potion of mutation]
  2289 | D:4      | Gained mutation: Your body sometimes deteriorates upon
                  | taking damage. [potion of mutation]
  2289 | D:4      | Succumbed to a scorpion's poison

Illustrated notes

Levels and vault maps discovered:
D:1:      giann_bridges, layout_rooms, shapermc_ecumenical_altar_hornbeckon
D:2:      layout_basic, basic_altar
D:3:      layout_basic, gammafunk_ghost_stat_death
D:4:      layout_loops_corners, serial_shops, shop, uniq_blork_the_orc,
          uniq_grinder

Skill      XL: |  1  2  3  4  5 |
---------------+----------------+-----
Invocations    | 1 |  1.7
Short Blades   | 1 |  1.5
Long Blades    | 1 |  1.5
Axes           | 1 |  1.5
Maces & Flails | 1 |  1.5
Polearms       | 1 |  1.5
Staves         | 1 |  1.5
Throwing       | 1 |  1.5
Armour         | 1 |  1.5
Stealth        | 1 |  1.5
Shields        | 1 |  1.5
Unarmed Combat | 1 |  1.5
Evocations     | 1 |  1.5
Spellcasting   | 3 |  3.2
Conjurations   | 1 |  1.2
Summonings     | 1 |  1.2
Necromancy     | 1 |  1.2
Translocations | 1 |  1.2
Transmutations | 1 |  1.2
Fire Magic     | 1 |  1.2
Ice Magic      | 1 |  1.2
Air Magic      | 1 |  1.2
Earth Magic    | 1 |  1.2
Poison Magic   | 1 |  1.2
Fighting       | 3 |  3.0
Ranged Weapons | |  4.8
Dodging        | |  4.8
Hexes          | |  5.5

Action                   |  1- 3 |  4- 6 || total
-------------------------+-------+-------++-------
Melee: Spear             |       |    15 ||    15
 Fire: Sling             |   140 |    53 ||   193
 Cast: Slow              |    18 |     8 ||    26
       Sandblast         |       |     9 ||     9
  Use: Potion            |       |     6 ||     6
Armor: Robe              |     7 |     7 ||    14
Dodge: Dodged            |    28 |    24 ||    52

Table legend: (Time is in decaauts)
 A = Elapsed time spent in this place.
 B = Non-inter-level travel time spent in this place.
 C = Inter-level travel time spent in this place.
 D = Time resting spent in this place.
 E = Time spent auto-exploring this place.
 F = Levels seen in this place.
 G = Mean time per level.
                   A        B        C        D        E       F      G
               +--------+--------+--------+--------+--------+-----+--------+
         Total |   2327 |   2228 |     99 |      6 |   1639 |   4 |  581.8 |
       Dungeon |   2327 |   2228 |     99 |      6 |   1639 |   4 |  581.8 |
               +--------+--------+--------+--------+--------+-----+--------+

Top non-repeatable levels by time:
     D:3: 694 daAuts
     D:2: 618 daAuts
     D:1: 518 daAuts
     D:4: 495 daAuts
